 Dungeon Crawl Stone Soup version 0.31-a0-700-gf13585253f (webtiles) character file.

Game seed: 7856882073521553799

872 SmokeWeed the Twirler (level 7, -2/54 HPs)
             Began as a Demonspawn Gladiator on Sept 8, 2023.
             Was an Initiate of Gozag.
             Killed by divine providence
             ... invoked by an orc priest
              (14 damage)
             ... on level 6 of the Dungeon.
             The game lasted 00:18:37 (4680 turns).

SmokeWeed the Twirler (Demonspawn Gladiator)        Turns: 4680, Time: 00:18:40

Health: -2/54      AC: 11    Str: 14    XL:     7   Next: 74%
Magic:  7/7        EV: 15    Int: 10    God:    Gozag
Gold:   357        SH:  0    Dex: 16    Spells: 6/6 levels left

rFire   . . .        a - +0 quarterstaff
rCold   . . .        (shield currently unavailable)
rNeg    + . .        p - +0 scale mail
rPois   .            c - +0 helmet
rElec   .            y - +0 cloak
rCorr   .            (no gloves)
SInv    .            (no boots)
Will    .....        (no amulet) Stlth
                     f - +5 ring of evasion
HPRegen 0.29/turn    r - ring of positive energy
MPRegen 0.10/turn

%: no passive effects
@: confused, gold aura
A: rugged brown scales 2, demonic guardian 1
a: Renounce Religion, Potion Petition, Call Merchant, Bribe Branch


You were on level 6 of the Dungeon.
You worshipped Gozag.
Gozag was aware of your devotion.
You visited 2 branches of the dungeon, and saw 7 of its levels.

You collected 424 gold pieces.
You paid 67 gold pieces to Gozag.

Inventory:

Hand Weapons
 a - a +0 quarterstaff (weapon)
 g - a +0 long sword
 j - a +1 dagger of venom
 m - a +2 hand axe of venom
Missiles
 d - 3 throwing nets
 e - a javelin
 k - 43 stones
 q - 3 boomerangs (quivered)
 t - 14 poisoned darts
Armour
 b - a +0 buckler
 c - a +0 helmet (worn)
 p - a +0 scale mail (worn)
 u - a +0 ring mail
 x - a scarf of shadows
 y - a +0 cloak (worn)
 B - a +0 kite shield
Jewellery
 f - a +5 ring of evasion (left hand)
 n - a ring of poison resistance
 r - a ring of positive energy (right hand)
 E - a ring of protection from fire
Wands
 h - a wand of mindburst (6)
 A - a wand of iceblast (1)
Scrolls
 o - a scroll of teleportation
 v - a scroll of fog
 w - 2 scrolls of revelation
 G - 2 scrolls of fear
 H - 2 scrolls of enchant weapon {unknown}
Potions
 i - a potion of ambrosia
 l - a potion of enlightenment
 s - a potion of brilliance
 z - 2 potions of cancellation
 C - 2 potions of curing {unknown}
 D - 3 potions of lignification
 F - a potion of heal wounds {unknown}


   Skills:
 + Level 3.4 Fighting
 + Level 5.7 Staves
 + Level 3.4 Throwing
 + Level 2.9 Armour
 + Level 3.9 Dodging
 + Level 1.3 Stealth
 + Level 0.3 Evocations


You had 6 spell levels left.
You didn't know any spells.
Your spell library contained the following spells:

 Spells                   Type           Power      Damage    Failure   Level
 Static Discharge         Conj/Air       0%         2-2/arc   93%         2
 Call Canine Familiar     Summ           0%         N/A       99%         3
 Sigil of Binding         Hex            0%         N/A       99%         3
 Airstrike                Air            0%         2d(0-16)  100%        4
 Dimensional Bullseye     Hex/Tloc       0%         N/A       100%        4
 Leda's Liquefaction      Hex/Erth       0%         N/A       100%        4
 Summon Lightning Spire   Summ/Air       0%         N/A       100%        4
 Summon Forest            Summ/Tloc      0%         N/A       100%        5
 Summon Mana Viper        Hex/Summ       0%         N/A       100%        5
 Summon Cactus Giant      Summ           0%         N/A       100%        6


Dungeon Overview and Level Annotations

Branches:
Dungeon (6/15)             Temple (1/1) D:4

Altars:
Cheibriados
Dithmenos
Fedhas
Gozag
Hepliaklqana
Kikubaaqudgha
Makhleb
Nemelex Xobeh
Okawaru
Qazlal
Ru
Sif Muna
Trog
Uskayaw
Vehumet
Wu Jian
Xom
Yredelemnul

Shops:
D:4 :

Annotations:
D:3 2 transporters


Innate Abilities, Weirdness & Mutations

You are mostly covered in rugged brown scales. (AC +2, +5% HP)
A weak demonic guardian rushes to your aid.


Message History

The orc priest shouts!
The boomerang hits the orc priest but does no damage.
The orc priest is no longer distracted by gold.
Something hits you but does no damage.
Throw: 3 boomerangs
Press: ? - help, Q - select action, (/) - cycle Shift-Dir - straight line, f/p - orc priest
Aim: an orc priest, wielding a +0 club and wearing a +0 leather armour (59% to hit)
You throw a boomerang.
The boomerang closely misses the orc priest.
The orc priest begins to cast a cantrip, but forgets the words!
Something hits you but does no damage.
Throw: 3 boomerangs
Press: ? - help, Q - select action, (/) - cycle Shift-Dir - straight line, f/p - orc priest
Aim: an orc priest, wielding a +0 club and wearing a +0 leather armour (59% to hit)
You throw a boomerang.
The boomerang closely misses the orc priest.
The orc priest mumbles some strange prayers to Beogh against you.
Beogh smites you!
* * * LOW HITPOINT WARNING * * *
Something hits you.
* * * LOW HITPOINT WARNING * * *
Something hits you.
* * * LOW HITPOINT WARNING * * *
You hit something. Something hits you but does no damage.
You miss something. Something hits you but does no damage.
You hit something. Something hits you but does no damage.
You miss something. Something hits you.
* * * LOW HITPOINT WARNING * * *
You barely miss something. Something hits you but does no damage.
You hit something.
The orc priest miscasts a cantrip.
You hear some strange, mumbled words.
You are confused.
You sock something!
Reactivating autopickup.
You feel a bit more experienced.
The orc priest calls down the wrath of Beogh upon you.
Beogh smites you!
You die...
Your body crumbles into a pile of gold.

... #.#
#.# #.#
# #.#
#.###.#
#...<.#
####.##
#o$@.#
#.####
#. oo
...
#...
..<.
#....


You could see an orc priest.

Vanquished Creatures
  Sigmund (D:3)
  A black bear (D:5)
  An ogre (D:5)
  2 phantoms
  2 scorpions
  2 hounds
  An orc priest (D:3)
  An iguana (D:5)
  An orc wizard (D:6)
  6 adders
  A shadow imp (D:5)
  A white imp (D:5)
  An ufetubus (D:5)
  3 dart slugs
  14 orcs
  3 bats (D:1)
  8 endoplasms
  2 giant cockroaches
  5 goblins
  3 hobgoblins
  5 jackals (D:1)
  4 quokkas
  5 ball pythons
  3 frilled lizards
  8 kobolds
  5 rats
89 creatures vanquished.

Notes
Turn   | Place    | Note
-------+----------+-------------------------------------------
     0 | D:1      | SmokeWeed the Demonspawn Gladiator began the quest for the
                  | Orb.
     0 | D:1      | Reached XP level 1. HP: 16/16 MP: 1/1
   162 | D:1      | Gained mutation: A weak demonic guardian rushes to your
                  | aid. [demonic ancestry]
   162 | D:1      | Reached XP level 2. HP: 22/22 MP: 2/2
   230 | D:1      | Reached skill level 3 in Staves
   490 | D:1      | Reached XP level 3. HP: 27/27 MP: 3/3
  1102 | D:2      | Found a shimmering blue altar of Sif Muna.
  1720 | D:3      | Found a transporter.
  1772 | D:3      | Found a transporter.
  1797 | D:3      | Reached skill level 1 in Armour
  1817 | D:3      | Noticed Sigmund
  1828 | D:3      | Killed Sigmund
  1829 | D:3      | Reached skill level 4 in Staves
  1829 | D:3      | Reached skill level 1 in Stealth
  1829 | D:3      | Gained mutation: You are partially covered in rugged brown
                  | scales. (AC +1, +3% HP) [demonic ancestry]
  1829 | D:3      | Reached XP level 4. HP: 16/35 MP: 4/4
  1829 | D:3      | Reached XP level 5. HP: 18/40 MP: 5/5
  2131 | D:3      | Found a sacrificial altar of Ru.
  2626 | D:3      | Found a radiant altar of Vehumet.
  2633 | D:3      | Found a sparkling altar of Nemelex Xobeh.
  2640 | D:3      | Found a burning altar of Makhleb.
  2654 | D:3      | Found a shimmering blue altar of Sif Muna.
  2660 | D:3      | Found an iron altar of Okawaru.
  2671 | D:3      | Found a hide-covered altar of Uskayaw.
  2791 | D:4      | Found a staircase to the Ecumenical Temple.
  2797 | D:4      | Reached XP level 6. HP: 45/47 MP: 6/6
  2801 | Temple   | Entered the Ecumenical Temple
  2828 | Temple   | Became a worshipper of Gozag Ym Sagoz the Greedy
  2867 | D:4      | Found Vaicre's Book Emporium.
  3435 | D:5      | Entered Level 5 of the Dungeon
  3475 | D:5      | Reached skill level 5 in Staves
  3589 | D:5      | Gained mutation: You are mostly covered in rugged brown
                  | scales. (AC +2, +5% HP) [demonic ancestry]
  3589 | D:5      | Reached XP level 7. HP: 31/54 MP: 7/7
  4680 | D:6      | Killed from afar by an orc priest

Illustrated notes

Levels and vault maps discovered:
D:1:      dpeg_arrival_radiant, layout_basic, minmay_ruptured
D:2:      layout_loops_corners, basic_altar
D:3:      gammafunk_steamed_eel, layout_loops_ring,
          grunt_temple_overflow_octagram, mainiacjoe_overflow_surrounded_room,
          uniq_sigmund
D:4:      layout_rooms, minmay_temple_entry_junction, serial_shops,
          nicolae_shop_tiny_statue_garden, abandoned_shop, lemuel_flame_loot_1
D:5:      layout_gridville
D:6:      layout_loops_ring
Temple:   nicolae_temple_ecumenical_triangle

Skill      XL: |  1  2  3  4  5  6  7 |
---------------+----------------------+-----
Dodging        | 3 |  3.9
Staves         | 3 4 5 |  5.7
Armour         | 1 2 |  2.9
Throwing       | 2 3 |  3.4
Stealth        | 1 |  1.3
Fighting       | 3 |  3.4
Evocations     | |  0.3

Action                     |  1- 3 |  4- 6 |  7- 9 || total
---------------------------+-------+-------+-------++-------
  Melee: Quarterstaff      |   120 |   104 |   102 ||   326
  Throw: Boomerang         |     4 |    31 |    59 ||    94
  Evoke: Wand              |     2 |       |       ||     2
    Use: Scroll            |       |    14 |       ||    14
   Stab: Sleeping          |     1 |       |       ||     1
 Armour: Leather armour    |    34 |       |       ||    34
         Ring mail         |    11 |    38 |    35 ||    84
         Scale mail        |       |       |    37 ||    37
  Dodge: Dodged            |   122 |    67 |    88 ||   277

Table legend: (Time is in decaauts)
 A = Elapsed time spent in this place.
 B = Non-inter-level travel time spent in this place.
 C = Inter-level travel time spent in this place.
 D = Time resting spent in this place.
 E = Time spent auto-exploring this place.
 F = Levels seen in this place.
 G = Mean time per level.
                   A        B        C        D        E       F      G
               +--------+--------+--------+--------+--------+-----+--------+
         Total |   4723 |   4356 |    367 |    247 |   3250 |   7 |  674.7 |
       Dungeon |   4669 |   4353 |    316 |    247 |   3250 |   6 |  778.2 |
        Temple |     53 |      2 |     51 |      0 |      0 |   1 |   53.0 |
               +--------+--------+--------+--------+--------+-----+--------+

Top non-repeatable levels by time:
     D:5: 1210 daAuts
     D:1: 947 daAuts
     D:3: 916 daAuts
     D:2: 895 daAuts
     D:4: 651 daAuts
  Temple: 53 daAuts
     D:6: 48 daAuts
